Map: Neon Violet Square LE

Players

Juxtapose

  • Race: Protoss Protoss
  • League: Platinum
  • Spawn Location: 5:00

Shanerb - Winner!

  • Race: Terran Terran
  • League: Platinum
  • Spawn Location: 11:00

VOD

https://youtu.be/UeHhFjxxDmY

Description

Shanerb and I struck up a great conversation after our Ranked Match and decided to play a friendly Best of Three Set.

This was a really fun match, and I went for High Templar in good time in anticipation of a Marine drop.

Sadly, my own wall-off blocked my Archon's from getting back into my main!

I also forgot to start recording the Match right away, so it starts shortly in.

Time

  • Played on: Feb. 4, 2018, 10:50 a.m.
  • Length: 9:25
Show
View Real Time Build Order
Export as new Build Order

Juxtapose Protoss 

Build Orders: Oracle Opening, Zealot Archon 

Get SALT Encoding   

  12  0:01  Probe  
  13  0:13  Probe  
  14  0:25  Probe  
  15  0:31  Pylon  
  15  0:40  Assimilator  
  15  0:49  Probe  
  16  0:50  Gateway  
  16  1:01  Probe  
  17  1:14  Probe  
  17  1:16  Pylon  
  18  1:23  Assimilator  
  18  1:26  Probe  
  19  1:38  Probe  
  20  1:40  Cybernetics Core  
  20  1:46  Zealot  
  22  1:50  Probe  
  23  1:58  Pylon  
  23  2:02  Probe  
  24  2:14  Probe  
  25  2:18  Warp Gate  
  25  2:25  Stargate  
  25  2:29  Probe  
  26  2:48  Nexus  
  26  2:50  Probe  
  27  3:02  Probe  
  27  3:03  Adept  
  30  3:11  Oracle (Chrono Boost)  
  30  3:14  Probe  
  34  3:26  Probe  
  35  3:32  Pylon  
  35  3:43  Pylon  
  35  3:51  Probe  
  35  3:54  Adept  
  38  4:01  Gateway  
  38  4:03  Probe  
  38  4:04  Probe  
  40  4:15  Probe  
  40  4:16  Probe  
  39  4:25  Adept  
  39  4:27  Probe  
  39  4:28  Probe  
  43  4:32  Pylon  
  43  4:39  Probe  
  43  4:40  Probe  
  45  4:46  Gateway  
  45  4:51  Probe, Forge  
  45  4:52  Probe  
  47  4:54  Assimilator  
  47  4:58  Assimilator  
  47  5:03  Probe  
  47  5:04  Probe  
  49  5:10  Twilight Council  
  49  5:16  Probe x2  
  51  5:28  Probe x2  
  51  5:29  Photon Cannon  
  51  5:31  Blink (Chrono Boost)  
  51  5:33  Photon Cannon  
  53  5:37  Protoss Ground Armor Level 1 (Chrono Boost)  
  53  5:41  Stalker  
  53  5:42  Stalker  
  57  5:56  Templar Archives  
  57  6:01  Stalker  
  59  6:08  Gateway  
  59  6:11  Pylon  
  59  6:16  Stalker  
  61  6:20  Pylon  
  61  6:22  Stalker  
  63  6:30  Psionic Storm  
  63  6:31  Sentry  
  65  6:50  High Templar x2  
  69  6:55  Archon  
  69  7:07  Stalker  
  71  7:24  High Templar x2  
  71  7:25  High Templar  
  71  7:29  Archon  
  77  7:30  Nexus  
  77  7:32  Pylon  
  77  7:35  Charge  
  77  7:38  Zealot  
  79  7:46  Probe x2  
  81  7:57  High Templar x2  
  81  7:58  Probe x2  
  87  8:00  Zealot  
  87  8:01  Zealot  
  91  8:15  Photon Cannon  
  91  8:24  Sentry  
  93  8:27  Zealot  
Show
View Real Time Build Order
Export as new Build Order

Shanerb Terran - Winner!

Build Orders: MMM Bio 

Get SALT Encoding   

  12  0:00  SCV  
  13  0:12  SCV  
  14  0:18  Supply Depot  
  14  0:26  SCV  
  15  0:31  Refinery  
  15  0:40  SCV  
  16  0:46  Barracks  
  16  0:54  SCV  
  17  1:06  SCV  
  18  1:18  SCV  
  19  1:37  Command Center  
  19  1:41  Orbital Command  
  19  1:48  Barracks Reactor  
  19  1:57  Factory  
  19  2:07  Refinery, SCV  
  20  2:19  SCV  
  20  2:22  Supply Depot  
  21  2:28  Barracks  
  21  2:38  SCV  
  22  2:46  Marine, Starport  
  22  2:48  Marine  
  24  2:52  Factory Reactor  
  24  2:56  SCV  
  25  3:04  Orbital Command  
  25  3:11  SCV  
  26  3:14  Marine  
  26  3:15  Marine  
  28  3:25  Barracks Tech Lab  
  28  3:29  SCV  
  28  3:30  SCV  
  30  3:39  Marine x2  
  32  3:43  Marine  
  32  3:46  Stimpack, Medivac  
  35  3:48  Medivac  
  35  3:54  SCV x2  
  39  4:00  Marine x2  
  39  4:02  Marine  
  42  4:06  SCV  
  43  4:11  SCV  
  43  4:18  Marine x2  
  43  4:19  Marine  
  43  4:23  SCV  
  46  4:30  Supply Depot  
  46  4:40  Supply Depot  
  46  4:44  Marine x3  
  46  4:45  SCV x2  
  51  4:52  Medivac x2  
  55  4:56  Widow Mine  
  55  4:57  SCV  
  58  5:01  SCV  
  58  5:02  Marine x3  
  62  5:09  SCV  
  62  5:10  Engineering Bay  
  62  5:13  SCV  
  64  5:20  Marine x3  
  64  5:21  SCV  
  68  5:25  SCV  
  69  5:37  Supply Depot  
  69  5:38  Marine  
  69  5:39  Marine x2, Cyclone  
  69  5:41  Supply Depot  
  75  5:44  SCV, Supply Depot  
  75  5:45  SCV  
  77  5:54  Terran Infantry Weapons Level 1, Barracks  
  77  5:55  Marine, Combat Shields  
  78  5:57  Liberator  
  78  5:59  Marine x2, Liberator  
  78  6:02  SCV x2  
  82  6:09  Supply Depot  
  82  6:13  Marine  
  82  6:16  Marine  
  82  6:18  Marine  
  90  6:24  Factory Reactor  
  91  6:28  SCV x2  
  91  6:31  Marine  
  94  6:34  Marine, Refinery  
  94  6:36  Marine  
  96  6:41  Marine  
  97  6:49  Marine  
  97  6:52  Marine  
  97  6:54  Marine  
  99  6:59  Command Center  
  100  7:02  Medivac x2  
  100  7:07  Marine  
  105  7:10  Marine  
  105  7:11  Marine  
  105  7:12  Marine x2  
  109  7:20  Supply Depot  
  109  7:21  Supply Depot  
  109  7:24  Supply Depot  
  109  7:25  Marine  
  109  7:28  Marine  
  111  7:53  SCV x2  
  113  8:01  Refinery  
  113  8:02  Marine x3  
  113  8:03  Marine  
  113  8:04  Marine  
  118  8:07  Medivac x2  
  118  8:08  SCV  
  118  8:09  SCV  
  118  8:11  Orbital Command  
  124  8:15  Factory Tech Lab  
  124  8:20  Marine x3, SCV  
  124  8:21  Marine x2, SCV  
Tags
 
Add a new tag
Caveats
  • Supply blocks, unpowered buildings, or Contaminate may cause inaccurate times.
  • Supply counts are checked every 10 seconds.